 Dungeon Crawl Stone Soup version 0.23-a0-629-gae4348f6cf (webtiles) character file.

140 HereIgoKillingAgain the Chopper (level 5, -1/45 HPs)
             Began as a Hill Orc Monk on Dec 26, 2018.
             Was a Believer of Beogh.
             Slain by a wyvern skeleton (10 damage)
             ... on level 3 of the Dungeon.
             The game lasted 00:03:02 (2808 turns).

HereIgoKillingAgain the Chopper (Hill Orc Monk)     Turns: 2808, Time: 00:03:03

Health: -1/45      AC:  2    Str: 15    XL:     5   Next: 22%
Magic:  5/5        EV: 13    Int: 14    God:    Beogh [**....]
Gold:   114        SH:  0    Dex: 13    Spells: 4/4 levels left

rFire    . . .     SeeInvis .   k - +0 dagger (venom)
rCold    + . .     Gourm    .   (no shield)
rNeg     . . .     Faith    .   b - +0 robe
rPois    .         Spirit   .   (no helmet)
rElec    .         Reflect  .   (no cloak)
rCorr    .         Harm     .   (no gloves)
MR       +....                  (no boots)
Stlth    ++........             (no amulet)
HPRegen  0.15/turn              d - +4 ring of intelligence
MPRegen  0.09/turn              (no ring)

@: about to teleport
A: cold resistance 1, magic resistance 1, mutation resistance 1
a: Smiting, Renounce Religion


You were on level 3 of the Dungeon.
You worshipped Beogh.
Beogh was pleased with you.
You were not hungry.

You visited 1 branch of the dungeon, and saw 3 of its levels.

You collected 114 gold pieces.

Inventory:

Hand Weapons
 a - a +0 hand axe
 k - a +0 dagger of venom (weapon)
Armour
 b - a +0 robe (worn)
Jewellery
 d - a +4 ring of intelligence (left hand)
Scrolls
 e - a scroll of enchant weapon {unknown}
 j - a scroll of remove curse
Comestibles
 c - 3 rations


   Skills:
 - Level 3.6 Fighting
 + Level 7.6 Axes
 - Level 2.4 Dodging
 - Level 1.5 Stealth


You had 4 spell levels left.
You didn't know any spells.
Your spell library was empty.

Dungeon Overview and Level Annotations

Branches:
Dungeon (3/15)

Altars:
Wu Jian


Innate Abilities, Weirdness & Mutations

Your flesh is cold resistant. (rC+)
You are resistant to hostile enchantments. (MR+)
You are somewhat resistant to further mutation.


Message History

* * * LOW HITPOINT WARNING * * *
You hit the orc but do no damage.
The wyvern skeleton completely misses you.
The orc barely misses you.
You hit the orc.
The orc is poisoned.
The orc is heavily wounded.
The wyvern skeleton bites you.
* * * LOW HITPOINT WARNING * * *
The orc closely misses you.
The orc hits the orc.
The orc dies!
The wyvern skeleton completely misses you.
It was a potion of mutation.
You feel extremely strange.
You feel resistant to cold.
You feel genetically stable.
You feel resistant to hostile enchantments.
The wyvern skeleton misses you. The wyvern skeleton closely misses you.
As you read the scroll labeled HUDULO YGUPIF, it crumbles to dust.
You feel strangely unstable.
It was a scroll of teleportation.
The wyvern skeleton misses you. The wyvern skeleton bites you!
You die...

#########.).......#
#..........†#o...###
###...........#....#
..#...........#....#
..#...........###### ######
..#.........[.# #.....
..#...........# #.....
.[#...).......#######....
#.....
......)...)....Z@...'.....
#####.
.#............#######......
#. .#..o.....##### #.... #.
.#.....#### #.... #.
.#....... ##....#####.
.########. ##......†... .#
#_ >#.......... .# #
##.......†>. .#
#####..(####


You could see a wyvern skeleton.

Vanquished Creatures
  4 adders
  4 gnolls
  2 worms (D:2)
  4 orcs (D:3)
  4 giant cockroaches
  5 goblins
  5 hobgoblins
  5 jackals
  3 quokkas
  6 bats
  3 frilled lizards
  5 kobolds
  5 rats
55 creatures vanquished.

Vanquished Creatures (others)
  2 orcs (D:3)
  2 hobgoblins (D:3)
  2 frilled lizards (D:3)
6 creatures vanquished.

Grand Total: 61 creatures vanquished

Notes
Turn   | Place    | Note
-------+----------+-------------------------------------------
     0 | D:1      | HereIgoKillingAgain the Hill Orc Monk began the quest for
                  | the Orb.
     0 | D:1      | Reached XP level 1. HP: 19/19 MP: 1/1
   112 | D:1      | Reached XP level 2. HP: 21/26 MP: 2/2
   312 | D:1      | Reached skill level 5 in Axes
   772 | D:2      | Reached XP level 3. HP: 19/31 MP: 3/3
  1128 | D:2      | Reached skill level 6 in Axes
  1710 | D:2      | Reached XP level 4. HP: 25/39 MP: 4/4
  2157 | D:3      | Reached skill level 7 in Axes
  2160 | D:3      | HP: 1/39 [gnoll (6)]
  2406 | D:3      | Reached XP level 5. HP: 29/45 MP: 5/5
  2740 | D:3      | Became a worshipper of Beogh the Brigand
  2740 | D:3      | Reached * piety under Beogh
  2740 | D:3      | Reached ** piety under Beogh
  2767 | D:3      | Found an ornate altar of the Wu Jian Council.
  2805 | D:3      | Gained mutation: Your flesh is cold resistant. (rC+)
                  | [potion of mutation]
  2805 | D:3      | Gained mutation: You are somewhat resistant to further
                  | mutation. [potion of mutation]
  2805 | D:3      | Gained mutation: You are resistant to hostile enchantments.
                  | (MR+) [potion of mutation]
  2808 | D:3      | Slain by a wyvern skeleton

Vault maps used:
D:1:      dpeg_arrival_houses_and_road
D:2:      minmay_misc_feat_four_crosses, minmay_misc_feat_rows
D:3:      nicolae_overflow_hidden_temple

Skill      XL: |  1  2  3  4 |
---------------+-------------+-----
Axes           | 5 6 7 |  7.6
Fighting       | |  3.6
Dodging        | |  2.4
Stealth        | |  1.5

Action                   |  1- 3 |  4- 6 || total
-------------------------+-------+-------++-------
Melee: Hand axe          |    62 |       ||    62
       Dagger            |    62 |    81 ||   143
Invok: Convert to Beogh  |       |     1 ||     1
  Use: Scroll            |     2 |     2 ||     4
       Potion            |       |     3 ||     3
 Stab: Sleeping          |     4 |     1 ||     5
       Distracted        |       |     1 ||     1
  Eat: Chunk             |     2 |     2 ||     4
       Ration            |       |     1 ||     1
Armor: Robe              |    16 |    11 ||    27
Dodge: Dodged            |    71 |    72 ||   143

Table legend:
 A = Non-vault XP
 B = Vault XP
 C = Vault XP percentage of total XP
 D = Non-vault monster count
 E = Vault monster count
 F = Vault count percentage of total count
                 A         B        C        D         E       F
            +---------+---------+-------+---------+---------+-------
      Total |     200 |       0 |   0.0 |      57 |       0 |   0.0
            +---------+---------+-------+---------+---------+-------
        D:1 |      27 |       0 |   0.0 |      17 |       0 |   0.0
        D:2 |      71 |       0 |   0.0 |      18 |       0 |   0.0
        D:3 |     102 |       0 |   0.0 |      22 |       0 |   0.0
            +---------+---------+-------+---------+---------+-------
